[Event "*** SCC Grand Prix: Titled Tuesday Blitz"]
[Site "Chess.com"]
[Date "2020.07.21"]
[Round "8"]
[White "sergivila"]
[Black "Vuk2000"]
[Result "0-1"]
[WhiteElo "2409"]
[BlackElo "2629"]
[TimeControl "180+1"]
[EndTime "11:35:34 PDT"]
[Termination "Vuk2000 won by resignation"]

1. e4 d5 2. exd5 Qxd5 3. Nc3 Qd6 4. d4 Nf6 5. Nf3 c6 6. Ne5 Nbd7 7. Nc4 Qc7 8. Qf3 Nb6 9. Bf4 Qd8 10. Be5 Bg4 11. Qg3 h5 12. h3 h4 13. Qe3 Be6 14. Nxb6 axb6 15. Bd3 Nd5 16. Nxd5 Qxd5 17. O-O Rxa2 18. c4 Qa5 19. Rxa2 Qxa2 20. d5 cxd5 21. cxd5 Qxd5 22. Be4 Qb3 23. Ra1 Qxe3 24. Ra8+ Kd7 25. fxe3 f6 26. Bd4 b5 27. Bb6 Bc4 28. Bxb7 g5 29.
Kf2 Bg7 30. Ra1 Rb8 31. Rd1+ Ke6 0-1

[Event "*** SCC Grand Prix: Titled Tuesday Blitz"]
[Site "Chess.com"]
[Date "2020.07.21"]
[Round "8"]
[White "maiconramazzotte99"]
[Black "lider34"]
[Result "0-1"]
[WhiteElo "1771"]
[BlackElo "2213"]
[TimeControl "180+1"]
[EndTime "11:35:34 PDT"]
[Termination "lider34 won by resignation"]

1. e4 c6 2. Nf3 d5 3. Nc3 dxe4 4. Nxe4 Nf6 5. Nxf6+ exf6 6. d4 Bd6 7. Bd3 O-O 8. c3 Re8+ 9. Be3 Nd7 10. O-O Nf8 11.
Bc2 Ng6 12. Qd3 Bg4 13. Nd2 Qc7 14. h3 Be6 15. Ne4 Bf4 16. Bxf4 Qxf4 17. Ng3 Rad8 18. Rfe1 h6 19. Re4 Qd6 20. Rae1 Qd7 21. R4e3 Qc8 22. Ne4 b6 23. Rg3 c5 24. Rxg6 fxg6 25. Nxf6+ gxf6 26.
Qxg6+ Kf8 27. Qxf6+ Kg8 28. Bg6 Rf8 29. Qxe6+ Qxe6 30.
Rxe6 cxd4 31. Re7 d3 32. Re1 d2 33. Rd1 Rf6 34. Bc2 Re6 35. Kf1 Kg7 36. Bf5 Re5 37.
Bg4 h5 38. Bf3 Rde8 39. g4 Re1+ 40. Kg2 Rxd1 41. Bxd1 Re1 42. Bc2 hxg4 43. hxg4 d1=Q 44. Bxd1 Rxd1 45. Kf3 Ra1 46. a3 Ra2 47. b4 Rxa3 48.
Ke4 Rxc3 49. f4 a5 0-1

[Event "*** SCC Grand Prix: Titled Tuesday Blitz"]
[Site "Chess.com"]
[Date "2020.07.21"]
[Round "8"]
[White "Yoshikrov"]
[Black "Manukyan_Artak"]
[Result "0-1"]
[WhiteElo "2142"]
[BlackElo "2386"]
[TimeControl "180+1"]
[EndTime "11:35:36 PDT"]
[Termination "Manukyan_Artak won by resignation"]

1. e4 c6 2. c4 d5 3. exd5 cxd5 4. cxd5 Nf6 5. Qa4+ Nbd7 6. Qb3 g6 7. Nc3 Bg7 8. Nf3 O-O 9. Bc4 Nb6 10. O-O Bf5 11.
d4 Rc8 12. Ne5 Nxc4 13. Nxc4 Bd3 14. Ne5 Bxf1 15. Kxf1 Nd7 16. Nf3 Nb6 17. Bg5 h6 18. Bh4 Qd7 19. Re1 g5 20. Bg3 Rfd8 21. Ne5 Bxe5 22.
Rxe5 Nc4 23. Re2 Nd6 24. Bxd6 exd6 25. Qc2 Re8 26. Rd2 Qe7 27. Rd1 Qf6 28. Qd3 Qg6 29.
Qd2 b5 30. a3 a5 31. b4 axb4 32. axb4 Rc4 33. g3 Rxb4 34. Kg2 Rb3 35. Ne2 Qe4+ 36.
Kf1 Rb1 37. Ng1 Rxd1+ 38. Qxd1 Qxd5 39. Qd3 Qc4 0-1

[Event "*** SCC Grand Prix: Titled Tuesday Blitz"]
[Site "Chess.com"]
[Date "2020.07.21"]
[Round "8"]
[White "13MiRacLe"]
[Black "tlomigtlis"]
[Result "0-1"]
[WhiteElo "2609"]
[BlackElo "2378"]
[TimeControl "180+1"]
[EndTime "11:35:37 PDT"]
[Termination "tlomigtlis won by checkmate"]

1. e4 c5 2. Nf3 d6 3. d4 cxd4 4. Nxd4 Nf6 5. Nc3 a6 6. Bg5 Nbd7 7. Bc4 Qb6 8. Bb3 e6 9. Qd2 Be7 10. O-O-O Nc5 11. Qe2 O-O 12. f4 Qc7 13. h4 b5 14.
e5 dxe5 15. fxe5 Ne8 16. Bd5 exd5 17. Nxd5 Bxg5+ 18. hxg5 Qb7 19. Nc6 g6 20. Nce7+ Kg7 21. Nf6 h5 22. Rxh5 gxh5 23. Nxh5+ Kh8 24. Rh1 Qxe7 25. Nf6+ Kg7 26. Rh7+ Kg6 27. Qh5+ Kf5 28. g6+ Ke6 29. Qg4+ Kxe5 30. Rh5+ Kd6 31. Qf4+ Kc6 32. g7 Qe1# 0-1

[Event "*** SCC Grand Prix: Titled Tuesday Blitz"]
[Site "Chess.com"]
[Date "2020.07.21"]
[Round "8"]
[White "ambaixador"]
[Black "skiff134"]
[Result "0-1"]
[WhiteElo "2331"]
[BlackElo "2549"]
[TimeControl "180+1"]
[EndTime "11:35:38 PDT"]
[Termination "skiff134 won by checkmate"]

1. Nf3 d5 2. c4 d4 3. g3 Nc6 4.
Bg2 e5 5. d3 Nf6 6. O-O Bg4 7. Nbd2 Be7 8. Rb1 a5 9. b3 Qd7 10. Re1 O-O 11. a3 Bh3 12. Bh1 Ng4 13. Ne4 h6 14. b4 axb4 15. axb4 Bxb4 16. Bd2 Be7 17. Rb5 f5 18. Nc5 Bxc5 19. Rxc5 e4 20. Rd5 Qe7 21. Nxd4 e3 22. fxe3 Nxe3 23. Nxc6 bxc6 24.
Rd7 Qxd7 25. Bxe3 f4 26. Bf2 fxg3 27. Bxg3 Ra2 28. Bg2 Qd4+ 29. Kh1 Bxg2+ 30. Kxg2 Qe3 31. c5 Kh8 32. d4 Rd2 33. Qa4 Rxe2+ 34. Rxe2 Qxe2+ 35. Kh3 Qf1+ 36. Kh4 g5+ 37. Kh5 Qf3+ 38. Kxh6 Rf6+ 39.
Kxg5 Qf5+ 40. Kh4 Rh6# 0-1

[Event "*** SCC Grand Prix: Titled Tuesday Blitz"]
[Site "Chess.com"]
[Date "2020.07.21"]
[Round "8"]
[White "Nf3c5"]
[Black "Vandros57"]
[Result "1-0"]
[WhiteElo "2547"]
[BlackElo "2127"]
[TimeControl "180+1"]
[EndTime "11:35:38 PDT"]
[Termination "Nf3c5 won on time"]

1. d4 Nf6 2. Bf4 d5 3. e3 e6 4.
Nd2 Bd6 5. Bg3 O-O 6. Ngf3 b6 7. Ne5 Ba6 8. Bxa6 Nxa6 9. f4 Ne4 10. Nxe4 dxe4 11.
O-O f6 12. Nc4 Nb4 13. f5 Bxg3 14. hxg3 Nd5 15. Qe2 exf5 16. Rxf5 Qd7 17. Raf1 c6 18. g4 g6 19. R5f2 Kg7 20. a3 b5 21. Nd2 f5 22.
gxf5 gxf5 23. c4 Ne7 24. Qh5 Rf6 25. Nxe4 Rh6 26. Qg5+ Rg6 27. Nc5 Qd6 28. Qf4 Qxf4 29. Rxf4 bxc4 30. Rc1 Rb8 31. Rf2 Nd5 32. Nd7 Rb3 33.
Ne5 Rg3 34. Rxc4 Nxe3 35. Rxc6 Ng4 36. Rxf5 Rge3 37. Rf7+ 1-0

[Event "*** SCC Grand Prix: Titled Tuesday Blitz"]
[Site "Chess.com"]
[Date "2020.07.21"]
[Round "8"]
[White "davigator"]
[Black "CrushingKings"]
[Result "0-1"]
[WhiteElo "2342"]
[BlackElo "2525"]
[TimeControl "180+1"]
[EndTime "11:35:39 PDT"]
[Termination "CrushingKings won by resignation"]

1. e4 c5 2. Nf3 e6 3. d4 cxd4 4. Nxd4 Nc6 5. Nc3 Qc7 6. a3 a6 7. f4 b5 8. Nxc6 Qxc6 9. Be3 b4 10. axb4 Bxb4 11. Bd4 Nf6 12. e5 Nd5 13. Qf3 Bb7 14.
Qg3 O-O 15. Be2 Ne7 16. Bd3 Bc5 17. Bxc5 Qxc5 18. O-O-O Rfc8 19. Rd2 Rab8 20. Re1 Bd5 21. f5 Qb4 22. Nd1 Qa5 23. Rf2 Qxe1 24. f6 Ng6 25.
fxg7 Qxe5 26. Qg4 Qxg7 27. h4 Qh6+ 28. Kb1 Qxh4 29. Qe2 Nf4 30. g3 Nxe2 31. gxh4 Nd4 32. Rf4 Nf5 33. Rg4+ Kf8 34. h5 Bf3 35. Rg1 Bxd1 36.
Rxd1 Ke7 37. Re1 Nd4 38. Re4 Nc6 39. h6 Rg8 40. Ra4 Rg1+ 41. Ka2 Nb4+ 42. Ka3 Ra1+ 43. Kb3 Nxd3+ 44. Kc3 Rxa4 0-1

[Event "*** SCC Grand Prix: Titled Tuesday Blitz"]
[Site "Chess.com"]
[Date "2020.07.21"]
[Round "8"]
[White "amatatanav"]
[Black "SHIVACalypso"]
[Result "0-1"]
[WhiteElo "2483"]
[BlackElo "2368"]
[TimeControl "180+1"]
[EndTime "11:35:39 PDT"]
[Termination "SHIVACalypso won on time"]

1. e4 e6 2. d4 d5 3. Nc3 Nf6 4. Bg5 dxe4 5. Nxe4 Be7 6. Bxf6 gxf6 7. Nf3 f5 8. Nc3 a6 9. g3 b5 10. Bg2 Bb7 11.
O-O O-O 12. Ne5 Bxg2 13. Kxg2 b4 14. Qf3 bxc3 15. Qxa8 Qxd4 16. Nf3 Qb6 17. Ne5 cxb2 18. Rab1 Bf6 19. Nc4 Qb5 20. Na3 Qa5 21. Qf3 Nd7 22. Rfd1 Ne5 23. Qb3 Nc6 24. Nc4 Qb4 25. Nxb2 Qe4+ 26.
Qf3 Qxf3+ 27. Kxf3 Nd4+ 28. Kg2 Nxc2 29. Nd3 Na3 30.
Rbc1 Rd8 31. Rxc7 Nb5 32. Rc6 a5 33. Nb2 Rb8 34. Nc4 Nc3 35. Rd2 Ne4 36. Rd7 Rb4 37. Rcc7 Bc3 0-1

[Event "*** SCC Grand Prix: Titled Tuesday Blitz"]
[Site "Chess.com"]
[Date "2020.07.21"]
[Round "8"]
[White "Ariadna_Atreides"]
[Black "LuisFSiles"]
[Result "1/2-1/2"]
[WhiteElo "2115"]
[BlackElo "2323"]
[TimeControl "180+1"]
[EndTime "11:35:39 PDT"]
[Termination "Game drawn by repetition"]

1. d4 Nf6 2. Nf3 g6 3. c4 Bg7 4.
Nc3 O-O 5. e4 d6 6. Be2 c5 7. d5 e6 8. O-O exd5 9. exd5 Bg4 10. h3 Bxf3 11. Bxf3 a6 12. a4 Re8 13. Bf4 Qc7 14. Re1 Nbd7 15. Qd2 b6 16. Rxe8+ Rxe8 17.
Re1 Rxe1+ 18. Qxe1 h6 19. h4 h5 20. g3 Bf8 21. Bg2 Ng4 22. Bh3 Nge5 23. Qe2 Bg7 24. Ne4 Qb8 25. Ng5 Qd8 26. b3 Bf6 27. Kg2 Kg7 28.
Be6 Bxg5 29. Bxg5 f6 30. Bxd7 Qxd7 31. Bf4 Qf5 32. Bxe5 fxe5 33. Qf3 Qc2 34. Kh2 Qf5 35. Kg2 Kf6 36. Qxf5+ gxf5 37. Kf3 Kg6 38. Ke3 Kf7 39. f3 Ke7 40. Kd3 Kd7 41. Ke3 Ke7 42. Kd3 Kf6 43. Ke3 Kg6 44. Kd3 Kf7 45. Ke3 Kg6 46. Kd3 Kf6 47. Ke3 Kg6 1/2-1/2

[Event "*** SCC Grand Prix: Titled Tuesday Blitz"]
[Site "Chess.com"]
[Date "2020.07.21"]
[Round "8"]
[White "esrosenberg"]
[Black "bazar-wokzal"]
[Result "0-1"]
[WhiteElo "2199"]
[BlackElo "2419"]
[TimeControl "180+1"]
[EndTime "11:35:40 PDT"]
[Termination "bazar-wokzal won by checkmate"]

1. Nf3 g5 2. Nxg5 e5 3. d4 Be7 4.
Nf3 e4 5. Ne5 d6 6. Nc4 d5 7.
Ne3 f5 8. c4 c6 9. cxd5 cxd5 10. Nc3 Be6 11. Qb3 Nc6 12. Nexd5 Kf7 13. Qxb7 Nxd4 14.
Ne3 Rb8 15. Qxa7 f4 16. Nxe4 fxe3 17. Ng5+ Kg6 18. Qa4 Bb4+ 19. Bd2 Bxd2+ 20. Kd1 Kxg5 21. h4+ Kf6 22. g4 Rxb2 23. g5+ Kf7 24. Bh3 Qb6 25. Bxe6+ Nxe6 26. Qe4 Ne7 27. fxe3 Rd8 28. Rf1+ Kg7 29. Qd3 Rxd3 30. exd3 Bxe3 31. Rf3 Qd4 32. Ke1 Qxd3 33.
Rxe3 Qxe3+ 34. Kf1 Qf2# 0-1

[Event "*** SCC Grand Prix: Titled Tuesday Blitz"]
[Site "Chess.com"]
[Date "2020.07.21"]
[Round "8"]
[White "Grischuk"]
[Black "Jospem"]
[Result "0-1"]
[WhiteElo "3020"]
[BlackElo "2857"]
[TimeControl "180+1"]
[EndTime "11:35:43 PDT"]
[Termination "Jospem won by resignation"]

1. Nf3 c5 2. e4 d6 3. d4 cxd4 4. Nxd4 Nf6 5. Nc3 a6 6. Bg5 Nbd7 7. f4 Qc7 8. a3 b5 9. Qe2 e5 10. Nd5 Nxd5 11. exd5 Nb6 12. O-O-O h6 13. Bh4 g5 14.
fxe5 dxe5 15. Bg3 f6 16. Nc6 Bd6 17. h4 g4 18. h5 O-O 19. Qe3 Kg7 20. Be2 Nc4 21.
Bxc4 bxc4 22. Be1 Bd7 23. Bd2 Rh8 24. Qe4 f5 25. Qxc4 Rae8 26. Qxa6 Kh7 27. Rhf1 Rhf8 28. Ba5 Qc8 29. Bb4 Qxa6 30. Bxd6 Bxc6 31. dxc6 Qxc6 32.
Rd3 Rf6 33. Rfd1 f4 34. Bb4 Rf7 35. Rd6 Qxg2 36. Rg6 Qh3 0-1

[Event "*** SCC Grand Prix: Titled Tuesday Blitz"]
[Site "Chess.com"]
[Date "2020.07.21"]
[Round "8"]
[White "praveenb2002"]
[Black "Witik"]
[Result "0-1"]
[WhiteElo "2752"]
[BlackElo "2618"]
[TimeControl "180+1"]
[EndTime "11:35:44 PDT"]
[Termination "Witik won by resignation"]

1. e4 c6 2. d4 d5 3. exd5 cxd5 4. c4 Nf6 5. Nc3 e6 6. Nf3 Be7 7. c5 O-O 8. b4 b6 9. Bf4 Ne4 10. Qc2 Nc6 11. a3 bxc5 12. Nxe4 dxe4 13. Qxe4 Nxd4 14. Bd3 Nxf3+ 15. Qxf3 cxb4 16. O-O bxa3 17. Be4 Ba6 18. Rfd1 Qe8 19. Bc6 Qc8 20. Bxa8 Qxa8 21. Qxa8 Rxa8 22. Bd6 Bf6 23. Rxa3 Bc4 24. Rc1 Bd5 25. Rxa7 Re8 26. h3 h5 27. Rcc7 e5 28. Be7 Bxe7 29. Rxe7 Rxe7 30. Rxe7 Be6 31. Ra7 Kh7 32. Ra5 f6 33. Ra6 Bf5 34. Ra7 h4 35. Ra4 g5 36. Kf1 Kg6 37. Ke2 Bd7 38. Ra6 Bb5+ 39. Kf3 Bxa6 40. Kg4 f5+ 0-1

[Event "*** SCC Grand Prix: Titled Tuesday Blitz"]
[Site "Chess.com"]
[Date "2020.07.21"]
[Round "8"]
[White "Zkid"]
[Black "Paladin61"]
[Result "0-1"]
[WhiteElo "2780"]
[BlackElo "2648"]
[TimeControl "180+1"]
[EndTime "11:35:45 PDT"]
[Termination "Paladin61 won on time"]

1. e4 c5 2. Nf3 d6 3. d4 cxd4 4. Nxd4 Nf6 5. f3 Nc6 6. c4 Qb6 7. Nb3 a5 8. Nc3 a4 9. Nd2 a3 10. bxa3 Qe3+ 11. Ne2 Ne5 12. Qb3 Nd3+ 13. Kd1 Nf2+ 14.
Ke1 Qxb3 15. axb3 Nxh1 16. g4 g6 17. Bg2 Bg7 18. Rb1 Nd7 19. Bxh1 Nc5 20. Nf4 e6 21. b4 Be5 22. bxc5 Bxf4 23. cxd6 Bxd6 24. Bb2 e5 25. c5 Bxc5 26. Bxe5 O-O 27. Bb2 Be6 28.
Ra1 Rfd8 29. Bg2 Be3 30. Rd1 Bf4 31. h3 Rac8 32. Bf6 Rd7 0-1

[Event "*** SCC Grand Prix: Titled Tuesday Blitz"]
[Site "Chess.com"]
[Date "2020.07.21"]
[Round "8"]
[White "Alopekos"]
[Black "MagnusSeinFanboy"]
[Result "0-1"]
[WhiteElo "2371"]
[BlackElo "2532"]
[TimeControl "180+1"]
[EndTime "11:35:47 PDT"]
[Termination "MagnusSeinFanboy won on time"]

1. e4 c5 2. Nc3 a6 3. Nf3 d6 4. d4 cxd4 5. Nxd4 Nf6 6. Be3 e5 7. Nb3 Be6 8. f4 Qc7 9. f5 Bc4 10. g4 h6 11. Bg2 Nbd7 12. Nd2 Be7 13. h4 h5 14. g5 Ng4 15. Bg1 Rc8 16. Rh3 b5 17. Nxc4 Qxc4 18. Bf1 Qc6 19. a4 bxa4 20. Rxa4 Nc5 21. Rc4 Qb7 22. b4 Nd7 23. Qd5 Qb8 24.
Rxc8+ Qxc8 25. Qc4 Qb8 26. Nd5 Bd8 27. Qxa6 O-O 28.
Qc6 Nb6 29. Nxb6 Qa7 30. Rh1 Qa1+ 31. Ke2 Bxb6 32. Bxb6 Qc1 0-1

[Event "*** SCC Grand Prix: Titled Tuesday Blitz"]
[Site "Chess.com"]
[Date "2020.07.21"]
[Round "8"]
[White "Sanan_Sjugirov"]
[Black "ShimanovAlex"]
[Result "0-1"]
[WhiteElo "2984"]
[BlackElo "2835"]
[TimeControl "180+1"]
[EndTime "11:35:48 PDT"]
[Termination "ShimanovAlex won by resignation"]

1. d4 Nf6 2. c4 g6 3. f3 Bg7 4.
e4 d6 5. Nc3 O-O 6. Be3 c5 7.
Nge2 Nc6 8. d5 Ne5 9. Ng3 b5 10. cxb5 h5 11. Be2 h4 12. Nf1 e6 13. f4 Neg4 14.
Bxg4 Nxg4 15. Qxg4 exd5 16. Qg5 Qxg5 17. fxg5 d4 18. Nd5 dxe3 19. Nfxe3 Bxb2 20. Rb1 Bd4 21. Nc4 Be6 22. Kd2 Kg7 23. Rhf1 h3 24. g3 Rh8 25. Kd3 Rad8 26. a4 Rh5 27. Nf4 Rxg5 28. Nxe6+ fxe6 29. Na5 d5 30. Nc6 Rd7 31. a5 dxe4+ 32. Kxe4 Bf6 33. Rbd1 Rgd5 34. Rxd5 exd5+ 35. Kd3 c4+ 36. Ke3 d4+ 37. Ke4 d3 38. b6 axb6 39. axb6 d2 40.
Rd1 c3 41. Nb4 Rb7 42. Kd3 Rxb6 43. Nc2 Re6 0-1

[Event "*** SCC Grand Prix: Titled Tuesday Blitz"]
[Site "Chess.com"]
[Date "2020.07.21"]
[Round "8"]
[White "Bulldog167"]
[Black "Carnivoras"]
[Result "0-1"]
[WhiteElo "2738"]
[BlackElo "2646"]
[TimeControl "180+1"]
[EndTime "11:35:48 PDT"]
[Termination "Carnivoras won by checkmate"]

1. e4 e5 2. f4 d5 3. exd5 exf4 4.
Nf3 Nf6 5. Bc4 Bd6 6. O-O O-O 7. d4 Bg4 8. Nc3 Nbd7 9. Ne2 Nb6 10. Bb3 Nbxd5 11. c4 Ne3 12. Bxe3 fxe3 13. c5 Be7 14. Qd3 Bxc5 15. Qxe3 Re8 16. Qd3 Qd7 17. Rad1 Rad8 18.
Nf4 Bxf3 19. Qxf3 Bxd4+ 20. Kh1 c5 21. Nh5 Qe7 22. Ng3 g6 23. h3 Bxb2 24. Rb1 Bd4 25. Ba4 Rf8 26. Rxb7 Qe5 27. Bb3 Rb8 28. Rxb8 Rxb8 29. Ne2 Kg7 30. Nf4 Qe3 31. Qc6 Ne4 32.
Nh5+ Kh6 33. Qc7 Kxh5 34. g4+ Kh6 35. g5+ Qxg5 36. Qxb8 Ng3+ 37. Kg2 Nxf1+ 38. Kxf1 Qf6+ 39. Kg2 Kg7 40. Qg3 Qe5 41. Qd3 Qe3 42. Qc4 Qf2+ 43.
Kh1 Qe1+ 44. Kg2 Qf2+ 45. Kh1 Qg1# 0-1

[Event "*** SCC Grand Prix: Titled Tuesday Blitz"]
[Site "Chess.com"]
[Date "2020.07.21"]
[Round "8"]
[White "crescentmoon2411"]
[Black "aa175"]
[Result "1-0"]
[WhiteElo "2801"]
[BlackElo "2490"]
[TimeControl "180+1"]
[EndTime "11:35:48 PDT"]
[Termination "crescentmoon2411 won by checkmate"]

1. d4 Nf6 2. Nf3 g6 3. Bf4 Bg7 4. e3 d5 5. Be2 O-O 6. O-O c5 7. c3 Qb6 8. Qb3 c4 9. Qa3 Nc6 10. Nbd2 Re8 11. b3 cxb3 12. Qxb3 Qxb3 13. axb3 a6 14. Rfc1 Bf5 15. Ne5 Nxe5 16. Bxe5 Nd7 17. Bxg7 Kxg7 18. c4 dxc4 19. bxc4 e5 20. Bf3 exd4 21.
exd4 Rab8 22. c5 Nf6 23. Nc4 Ne4 24. h4 Rbd8 25. Rd1 Nc3 26. Rd2 Be4 27. Nd6 Bxf3 28. Nxe8+ Rxe8 29. gxf3 Re2 30. Rd3 Nd5 31. Rb1 Re7 32.
Rdb3 Nf4 33. Rxb7 Re2 34. R7b2 Re6 35. Rc2 Ne2+ 36. Rxe2 Rxe2 37. Rc1 Re8 38. d5 Kf6 39. Ra1 Ra8 40. f4 Kf5 41. Ra4 a5 42. Kg2 h5 43.
Kf3 Rd8 44. d6 Rb8 45. c6 Rb3+ 46. Kg2 Rc3 47. d7 Rd3 48. c7 Rxd7 49. c8=Q Kg4 50.
Qxd7+ f5 51. Qe7 g5 52. Qxg5# 1-0

[Event "*** SCC Grand Prix: Titled Tuesday Blitz"]
[Site "Chess.com"]
[Date "2020.07.21"]
[Round "8"]
[White "WPWPWP-2015"]
[Black "DaggiGretarsson"]
[Result "0-1"]
[WhiteElo "2430"]
[BlackElo "2619"]
[TimeControl "180+1"]
[EndTime "11:35:48 PDT"]
[Termination "DaggiGretarsson won on time"]

1. e4 g6 2. d4 Bg7 3. Nc3 d6 4. Be3 a6 5. a4 b6 6. h4 h6 7. f4 Nf6 8. Be2 h5 9. Nh3 Ng4 10. Bg1 Nc6 11. d5 Nb4 12. a5 b5 13. Ng5 O-O 14. Rh3 c6 15. Bb6 Qe8 16. Qd2 cxd5 17. exd5 Bf5 18. Nce4 f6 19. Qxb4 fxg5 20. Nxg5 Nf6 21. O-O-O Rc8 22. Rc3 Qd7 23. Bf3 Ng4 24. Rxc8 Rxc8 25. c3 Rc4 26. Qb3 Rxf4 27. Ne6 Rc4 28. Bd4 Ne5 29. Be3 Ra4 30. Be2 Nc4 31.
Bxc4 Rxc4 32. Bd4 Bh6+ 33. Rd2 Bxe6 34. dxe6 Qxe6 35. Kd1 Bxd2 36. Kxd2 Rxd4+ 0-1

[Event "*** SCC Grand Prix: Titled Tuesday Blitz"]
[Site "Chess.com"]
[Date "2020.07.21"]
[Round "8"]
[White "boo786"]
[Black "SzMM19"]
[Result "0-1"]
[WhiteElo "2392"]
[BlackElo "2578"]
[TimeControl "180+1"]
[EndTime "11:35:48 PDT"]
[Termination "SzMM19 won on time"]

1. Nf3 c5 2. c4 Nc6 3. d4 cxd4 4.
Nxd4 Qb6 5. Nb3 e6 6. g3 Ne5 7. N1d2 Nxc4 8. Nxc4 Qc6 9. f3 Qxc4 10. e4 Qb4+ 11.
Bd2 Qb6 12. Rc1 Nf6 13. Qe2 Bb4 14. Bxb4 Qxb4+ 15. Kf2 O-O 16. g4 d5 17. g5 Nh5 18.
Qd2 Qxd2+ 19. Nxd2 dxe4 20. Nxe4 b6 21. Rc7 Rd8 22.
Bc4 Nf4 23. Kg3 Nd5 24. Bxd5 exd5 25. Nd2 Be6 26. Rhc1 d4 27. Kf4 a5 28. Ne4 Bxa2 29. h4 a4 30. h5 Bd5 31. h6 Bxe4 32. fxe4 d3 33. Rb7 d2 34. Rd1 a3 35. bxa3 Rxa3 0-1

[Event "*** SCC Grand Prix: Titled Tuesday Blitz"]
[Site "Chess.com"]
[Date "2020.07.21"]
[Round "8"]
[White "manmanlai1"]
[Black "Eliwood44"]
[Result "0-1"]
[WhiteElo "2483"]
[BlackElo "2343"]
[TimeControl "180+1"]
[EndTime "11:35:48 PDT"]
[Termination "Eliwood44 won by resignation"]

1. b3 d5 2. Bb2 Bf5 3. e3 e6 4. h4 Nf6 5. Be2 h6 6. Nf3 Bd6 7. d3 c5 8. Ne5 Qc7 9. f4 Nc6 10. Nxc6 bxc6 11. Nd2 d4 12. e4 Bxf4 13. exf5 Bg3+ 14.
Kf1 Nd5 15. Kg1 Qf4 16. Ne4 Qe3+ 17. Kf1 exf5 18. Nxg3 Qxg3 19. Bc1 O-O 20. Qe1 Qd6 21.
Bf3 Rae8 22. Qf2 Nc3 23. Bd2 f4 24. Kg1 Re3 25. Kh2 Rfe8 26. Bxc3 dxc3 27. Rhe1 g5 28. Kg1 f5 29. hxg5 hxg5 30. Rxe3 fxe3 31. Qe1 g4 32.
Be2 Re7 33. Qxc3 Rh7 34. Qc4+ Kh8 35. Qc3+ Kg8 36. Qc4+ Kf8 0-1

[Event "*** SCC Grand Prix: Titled Tuesday Blitz"]
[Site "Chess.com"]
[Date "2020.07.21"]
[Round "8"]
[White "theblitzchamp"]
[Black "NormWeinstein"]
[Result "1-0"]
[WhiteElo "2667"]
[BlackElo "2462"]
[TimeControl "180+1"]
[EndTime "11:35:50 PDT"]
[Termination "theblitzchamp won by checkmate"]

1. d4 c5 2. d5 e5 3. Nc3 d6 4. e4 Be7 5. f4 exf4 6. Bxf4 Nf6 7. Nf3 O-O 8. Bd3 Bg4 9. O-O Nbd7 10. Qe1 Ne8 11. Qg3 Bxf3 12. Rxf3 Bf6 13. Raf1 Ne5 14.
Bxe5 Bxe5 15. Qh3 a6 16. Nd1 b5 17. b3 Ra7 18. Kh1 Nf6 19. Ne3 g6 20. c4 b4 21.
g4 Kg7 22. Qh4 h6 23. g5 Ng8 24. Rg1 h5 25. Be2 Bd4 26. Rh3 Bxe3 27. Rxe3 Qe7 28.
e5 dxe5 29. Bxh5 gxh5 30. Qxh5 Rd8 31. Rf1 Rd6 32. Rh3 Kf8 33. g6 Rf6 34. Rhf3 Rxf3 35. Rxf3 f6 36. Qf5 Qd7 37. g7+ Qxg7 38. Qc8+ Kf7 39.
Qe6+ Kf8 40. Qc8+ Kf7 41. Rg3 Qf8 42. Qe6# 1-0

[Event "*** SCC Grand Prix: Titled Tuesday Blitz"]
[Site "Chess.com"]
[Date "2020.07.21"]
[Round "8"]
[White "GelmanAlexander"]
[Black "boasovietica"]
[Result "1-0"]
[WhiteElo "2583"]
[BlackElo "2417"]
[TimeControl "180+1"]
[EndTime "11:35:52 PDT"]
[Termination "GelmanAlexander won by resignation"]

1. c4 c5 2. Nf3 Nc6 3. e3 d6 4.
Be2 g6 5. Nc3 Bg7 6. O-O e5 7.
d3 Nge7 8. a3 a5 9. Rb1 O-O 10.
b3 Rb8 11. Nd2 Be6 12. Bf3 d5 13. cxd5 Nxd5 14. Nce4 b6 15. Bb2 f5 16. Ng3 Nde7 17. Qc2 Qd7 18. Rfd1 h5 19. h3 h4 20. Ngf1 g5 21. Nh2 g4 22. hxg4 fxg4 23. Be4 g3 24. fxg3 hxg3 25. Nhf3 Nf5 26. Nf1 Bh6 27. Re1 Rf7 28.
Bxe5 Rbf8 29. Ba1 Bg7 30. d4 Nce7 31. Rbd1 Qe8 32. d5 Bd7 33. d6 Ng6 34. Ng5 Bxa1 35. Nxf7 Rxf7 36. Rxa1 Rh7 37. Bxf5 Bxf5 38. Qxf5 Nh4 39.
Qg4+ Kh8 40. Nxg3 Qd8 41. Rad1 Rg7 42. Qh5+ Rh7 43. Qe5+ Kg8 44. d7 1-0

[Event "*** SCC Grand Prix: Titled Tuesday Blitz"]
[Site "Chess.com"]
[Date "2020.07.21"]
[Round "8"]
[White "sasko1234"]
[Black "BlackBoarder"]
[Result "0-1"]
[WhiteElo "2392"]
[BlackElo "2570"]
[TimeControl "180+1"]
[EndTime "11:35:52 PDT"]
[Termination "BlackBoarder won by resignation"]

1. b3 e5 2. Bb2 Nc6 3. e3 Nf6 4. Nf3 e4 5. Nd4 d5 6. c4 Bc5 7. cxd5 Nxd4 8. exd4 Bb6 9. Bb5+ Bd7 10. Bc4 O-O 11.
Nc3 Bxd4 12. Qc2 Re8 13. O-O-O Bxf2 14. Rdf1 Bd4 15. Kb1 Bg4 16. Ka1 a6 17. h3 Bh5 18.
g4 Bg6 19. Qd1 b5 20. Be2 Nxd5 21. h4 Bxc3 22. dxc3 Ne3 23. Qc1 Nxf1 24. Qxf1 f6 25. h5 Bf7 26. h6 Qd2 27. hxg7 Rad8 28. c4 bxc4 29. Bxc4 Bxc4 30. Qxc4+ Qd5 31. Qxc7 e3 32. Bxf6 Qxh1+ 33. Kb2 Qd5 34. Bxd8 Qxd8 35. Qc4+ Kxg7 36. Qc3+ Qf6 0-1

[Event "*** SCC Grand Prix: Titled Tuesday Blitz"]
[Site "Chess.com"]
[Date "2020.07.21"]
[Round "8"]
[White "alfiefischer77"]
[Black "mattcolins2025"]
[Result "0-1"]
[WhiteElo "2193"]
[BlackElo "2400"]
[TimeControl "180+1"]
[EndTime "11:35:52 PDT"]
[Termination "mattcolins2025 won on time"]

1. e4 c5 2. Nf3 e6 3. d4 cxd4 4.
Nxd4 Nc6 5. Nc3 Qc7 6. Be3 a6 7. Qd2 Nf6 8. O-O-O Bb4 9. Bf4 e5 10.
Nxc6 dxc6 11. Bxe5 Qe7 12. Bd6 Bxd6 13. Qxd6 Be6 14.
f4 Qxd6 15. Rxd6 Ke7 16. e5 Nd7 17. Be2 g5 18. fxg5 Nxe5 19. Rdd1 Rhg8 20. h4 Rad8 21. Rhe1 Ng6 22. g3 Rxd1+ 23. Bxd1 Nf8 24. Ne4 Nd7 25.
Bg4 Ne5 26. Bxe6 Kxe6 27. Nf6 Rd8 28. Nxh7 Kf5 29. Nf6 c5 30. Rf1+ Kg6 31. g4 c4 32.
b3 cxb3 33. axb3 Rh8 34. Rf5 Nc6 35. h5+ Kg7 36. h6+ Kg6 37. Rd5 Ne7 38. Re5 Nc6 39.
Re8 Rxe8 40. Nxe8 Ne7 41. Nf6 Kxg5 42. h7 Ng6 43. Nd7 Kxg4 44. Nc5 f5 45. Nxb7 f4 46. Nd6 Kg3 47. Ne4+ Kf3 48. Ng5+ Kg4 49. Nf7 f3 50. Kd2 Kg3 51. Ke1 Kg2 52. Kd2 f2 0-1

[Event "*** SCC Grand Prix: Titled Tuesday Blitz"]
[Site "Chess.com"]
[Date "2020.07.21"]
[Round "8"]
[White "SilviusTiberius"]
[Black "anon569"]
[Result "0-1"]
[WhiteElo "2495"]
[BlackElo "2333"]
[TimeControl "180+1"]
[EndTime "11:35:53 PDT"]
[Termination "anon569 won on time"]

1. e4 c5 2. Nf3 d6 3. d4 cxd4 4. Nxd4 Nf6 5. Nc3 a6 6. h3 e6 7.
g4 Be7 8. g5 Nfd7 9. h4 b5 10.
a3 Bb7 11. Be3 Nb6 12. f4 N8d7 13. Qh5 g6 14. Qf3 Qc7 15. h5 O-O-O 16. O-O-O Nc5 17. Kb1 Nba4 18. Nde2 Nxe4 19. Nxe4 d5 20. Bg2 dxe4 21. Qf2 Bd5 22. Bd4 Rhf8 23. Be5 Qb7 24. hxg6 hxg6 25. Qe3 b4 26. axb4 Bxb4 27. b3 Bc5 28.
Bd4 Bd6 29. Rd2 Kb8 30. Rhd1 Rc8 31. Be5 Bxe5 32. fxe5 Rc7 33. c4 Rxc4 34. Nd4 Nc3+ 35. Kb2 Nxd1+ 36. Rxd1 Rfc8 37. Rd2 Rb4 38. Bf1 a5 0-1

[Event "*** SCC Grand Prix: Titled Tuesday Blitz"]
[Site "Chess.com"]
[Date "2020.07.21"]
[Round "8"]
[White "BillieKimbah"]
[Black "Alexander_Moskalenko"]
[Result "0-1"]
[WhiteElo "2880"]
[BlackElo "2801"]
[TimeControl "180+1"]
[EndTime "11:35:54 PDT"]
[Termination "Alexander_Moskalenko won by resignation"]

1. d4 e6 2. Nf3 c5 3. e4 cxd4 4. Nxd4 Nc6 5. Nc3 Qc7 6. a3 a6 7. Be3 Nf6 8. f4 d5 9. e5 Nd7 10. Qd2 b5 11. Bd3 Nxd4 12. Bxd4 Bc5 13. Ne2 Bxd4 14.
Nxd4 Nc5 15. O-O O-O 16. Qe3 Ne4 17. Bxe4 dxe4 18. Qxe4 Bb7 19. Qe3 Rad8 20. Rad1 g6 21. Rd2 Rd5 22. Rfd1 Rfd8 23. h3 Ba8 24. c3 Qc4 25. Kh2 h5 26. g4 hxg4 27. hxg4 Qc5 28. Kg3 a5 29. Rh2 R5d7 30. b4 axb4 31. axb4 Qd5 32.
Re1 Qc4 33. f5 Rxd4 34. cxd4 Rxd4 35. Rc1 Rxg4+ 36. Kf2 Qa2+ 37. Ke1 Qxh2 38. Rc8+ Kh7 39. fxg6+ Rxg6 0-1